Map: Odyssee LE

Players

TicTac - Winner!

  • Race: Terran Terran
  • League: Diamond
  • Spawn Location: 5:00

Panda

  • Race: Zerg Zerg
  • League: Diamond
  • Spawn Location: 11:00

VOD

Have the link to the VOD?

Description

Time

  • Played on: Sept. 9, 2017, 8:36 p.m.
  • Length: 4:26
Show
View Real Time Build Order
Export as new Build Order

TicTac Terran - Winner!

Build Orders: Reaper Expand 

Get SALT Encoding   

  12  0:02  SCV  
  13  0:14  SCV  
  14  0:17  Supply Depot  
  14  0:26  SCV  
  15  0:39  Barracks, SCV  
  16  0:45  Refinery  
  16  0:51  SCV  
  17  1:03  SCV  
  18  1:15  SCV  
  19  1:27  Orbital Command  
  19  1:30  Reaper  
  20  1:35  Refinery  
  20  1:44  Command Center  
  20  1:52  SCV  
  21  2:01  Supply Depot  
  21  2:05  SCV  
  22  2:10  Reaper  
  23  2:19  Factory  
  21  2:39  SCV  
  21  2:43  Reaper  
  22  2:52  Command Center  
  22  3:04  Bunker  
  22  3:15  Reaper  
  22  3:18  Hellion  
  22  3:19  SCV  
  25  3:27  Bunker  
  25  3:40  Bunker  
  25  3:43  SCV, Hellion  
  25  3:45  Supply Depot  
  28  3:55  Starport  
  27  4:18  Barracks  
Show
View Real Time Build Order
Export as new Build Order

Panda Zerg 

Build Orders: Pool Only, Zergling Baneling 

Get SALT Encoding   

  12  0:01  Drone  
  13  0:20  Extractor  
  12  0:29  Spawning Pool  
  12  0:30  Drone  
  12  0:33  Drone  
  13  0:37  Drone  
  14  0:45  Overlord  
  14  1:15  Zergling x6  
  14  1:16  Queen  
  19  1:24  Metabolic Boost  
  19  1:29  Zergling x2  
  20  1:37  Zergling x2  
  21  1:49  Overlord  
  21  1:54  Baneling Nest  
  20  2:03  Zergling x2  
  20  2:22  Zergling x4  
  22  2:31  Zergling x6  
  25  2:43  Zergling x2  
  26  2:46  Baneling  
  26  2:47  Baneling x3  
  26  2:53  Zergling x2  
  27  3:00  Zergling x2  
  26  3:18  Baneling x3  
  25  3:20  Zergling x8  
  29  3:33  Baneling  
  29  3:34  Baneling  
  29  3:45  Overlord  
  29  3:47  Overlord  
  26  4:04  Zergling x4  
  26  4:05  Zergling x4  
Tags
 
Add a new tag
Caveats
  • Supply blocks, unpowered buildings, or Contaminate may cause inaccurate times.
  • Supply counts are checked every 10 seconds.